 Dungeon Crawl Stone Soup version 0.29.0-4-gdea44cf6ec (webtiles) character file.

Game seed: 9952990078109313504

97899 Flugkiller the Severer (level 15, -1/143 HPs)
             Began as a Minotaur Fighter on Aug 27, 2022.
             Was a High Priest of Okawaru.
             Slain by Donald
             ... wielding a +2 demon trident of electrocution
              (15 damage)
             ... on level 2 of the Orcish Mines.
             The game lasted 00:11:20 (20887 turns).

Flugkiller the Severer (Minotaur Fighter)          Turns: 20887, Time: 00:11:21

Health: -1/143     AC: 30    Str: 27    XL:     15   Next: 73%
Magic:  16/22      EV: 14    Int: 10    God:    Okawaru [*****.]
Gold:   1878       SH:  8    Dex: 18    Spells: 14/14 levels left

rFire   . . .      SeeInvis .   G - +3 broad axe (distort)
rCold   + . .      Faith    .   c - +0 buckler
rNeg    . . .      Spirit   .   k - +0 plate armour
rPois   +          Reflect  .   N - +1 hat {Int+3}
rElec   .          Harm     .   C - +2 cloak
rCorr   .          Rampage  .   O - +0 pair of gloves of Creativity {+Inv rC+ Will+}
Will    +++..                   p - +2 pair of boots
Stlth   ..........              B - amulet of regeneration
HPRegen 1.13/turn               j - ring of Insomnia {rPois Will+ Str-4 Dex+7 Slay+4}
MPRegen 0.18/turn               D - +6 ring of strength

@: heroic, finesse-ful
A: horns 2, retaliatory headbutt
a: Renounce Religion, Evoke Invisibility, Heroism, Finesse, Duel


You were on level 2 of the Orcish Mines.
You worshipped Okawaru.
Okawaru was extremely pleased with you.
You visited 4 branches of the dungeon, and saw 23 of its levels.

You collected 1934 gold pieces.
You spent 56 gold pieces at shops.

Inventory:

Hand Weapons
 y - a +0 vorpal broad axe
   (You bought it in a shop on level 5 of the Dungeon)
 G - a +3 broad axe of distortion (weapon)
   (You took it off Maggie on level 8 of the Dungeon)
Missiles
 f - 4 silver javelins
 v - 3 throwing nets
 H - 9 boomerangs (quivered)
Armour
 c - a +0 buckler (worn)
 k - a +0 plate armour (worn)
   (You found it on level 1 of the Dungeon)
 p - a +2 pair of boots (worn)
   (You found it on level 2 of the Dungeon)
 C - a +2 cloak (worn)
   (You found it on level 8 of the Dungeon)
 N - a +1 hat of intelligence (worn)
   (You took it off Gastronok on level 1 of the Lair of Beasts)
 O - the +0 pair of gloves of Creativity (worn) {+Inv rC+ Will+}
   (Okawaru gifted it to you on level 4 of the Lair of Beasts)

   rC:        It protects you from cold.
   +Inv:      It lets you turn invisible.
   Will:      It increases your willpower.
 S - a +0 kite shield of cold resistance
   (You took it off a tengu warrior on level 14 of the Dungeon)
Jewellery
 e - an amulet of guardian spirit
   (You found it on level 1 of the Dungeon)
 g - a +6 ring of dexterity
   (You found it on level 3 of the Lair of Beasts)
 i - a ring of see invisible
   (You found it on level 11 of the Dungeon)
 j - the ring of Insomnia (left hand) {rPois Will+ Str-4 Dex+7 Slay+4}
   (You acquired it on level 5 of the Dungeon)

   [ring of slaying]

   Str:       It affects your strength (-4).
   Dex:       It affects your dexterity (+7).
   Slay:      It affects your accuracy & damage with ranged weapons and melee
   (+4).
   rPois:     It protects you from poison.
   Will:      It increases your willpower.
 B - an amulet of regeneration (around neck)
   (You found it on level 6 of the Dungeon)
 D - a +6 ring of strength (right hand)
   (You found it on level 8 of the Dungeon)
 P - an amulet of faith
   (You found it on level 5 of the Lair of Beasts)
 Q - a +6 ring of intelligence
   (You found it on level 5 of the Lair of Beasts)
 R - the ring of Siqafren {Str+4 Int+3 Dex+6}
   (You found it on level 5 of the Lair of Beasts)

   [ring of dexterity]

   Str:       It affects your strength (+4).
   Int:       It affects your intelligence (+3).
   Dex:       It affects your dexterity (+6).
 U - an amulet of the acrobat
   (You found it on level 14 of the Dungeon)
Wands
 A - a wand of mindburst (10)
   (You found it on level 4 of the Lair of Beasts)
 F - a wand of light (18)
   (You found it on level 8 of the Dungeon)
Scrolls
 a - 6 scrolls of immolation
 b - 7 scrolls of vulnerability
 l - a scroll of magic mapping
 o - 2 scrolls of enchant armour
 t - 15 scrolls of teleportation
 z - 4 scrolls of blinking
 I - 2 scrolls of fear
 M - 4 scrolls of brand weapon
Potions
 d - 6 potions of might
 h - 5 potions of haste
 m - 3 potions of lignification {unknown}
 n - 4 potions of mutation
 q - 7 potions of curing
 s - 4 potions of flight {unknown}
 u - 2 potions of invisibility {unknown}
 w - 8 potions of heal wounds
 x - 8 potions of ambrosia
 E - a potion of magic {unknown}
 J - a potion of cancellation {unknown}
 K - a potion of brilliance {unknown}
 L - 4 potions of berserk rage {unknown}
 T - 6 potions of attraction


   Skills:
 + Level 15.7(20.7) Fighting
 - Level 18.0(23.0) Axes
 - Level 10.0(15.0) Throwing
 + Level 15.7(20.7) Armour
 + Level 5.8(10.8) Dodging
 + Level 7.6(12.6) Shields
 - Level 11.0 Invocations


You had 14 spell levels left.
You didn't know any spells.
Your spell library was empty.

Dungeon Overview and Level Annotations

Branches:
Dungeon (15/15)            Temple (1/1) D:6            Lair (5/5) D:10
  Swamp (0/4) Lair:3        Snake (0/4) Lair:2        Slime (0/5) Lair:5
    Orc (2/2) D:9          Vaults (0/5) D:14         Depths (0/4) D:15
    Elf: Orc:2

Altars:
Ashenzari
Cheibriados
Dithmenos
Elyvilon
Fedhas
Gozag
Hepliaklqana
Makhleb
Nemelex Xobeh
Okawaru
Qazlal
Ru
Sif Muna
Trog
Vehumet
Wu Jian
Xom
Zin
The Shining One
Jiyva

Shops:
D:5 (   D:8 (   D:9 =   D:13 (:=   Orc:2 [(

Portals:
Trove: D:14 (give 5 scrolls of fear)

Annotations:
Lair:1 exclusion: oklob plant
Orc:2 1 transporter, Donald
Abyss:1 Erolcha, Nergalle


Innate Abilities, Weirdness & Mutations

You have a pair of horns on your head.
You reflexively headbutt those who attack you in melee.


Message History

The orc warrior closely misses you.
You slice the orc warrior!!
You kill the orc warrior!
Okawaru accepts your kill.
Things that are here:
a +0 mace; a +0 plate armour You start resting.
HP restored.
There is a stone staircase leading down here.
You climb downwards.
Level annotation: 1 transporter The orc hits you with a +0 morningstar.
The orc priest mumbles some strange prayers to Beogh against you.
Beogh smites you! The orc barely misses you. You furiously retaliate!
You headbutt the orc!
You kill the orc!
There is a stone staircase leading up, spattered with blood here.
Items here: ))))) ? [ ÷÷÷.
You slice the orc!!
You kill the orc!
The orc wizard gestures at you while chanting.
The magic dart hits you but does no damage.
The orc priest barely misses you.
Items here: )))))))) [[[ ÷÷÷.
The orc priest hits you but does no damage.
Things that are here:
a +2 robe of willpower; a +0 dagger You slice the orc priest!!
You kill the orc priest!
Okawaru accepts your kill.
You slash the orc wizard!
You kill the orc wizard!
Okawaru accepts your kill.
No target in view!
No target in view!
No target in view!
No target in view!
No target in view!
No target in view!
No target in view!
No target in view!
No target in view!
No target in view!
Donald the Adventurer comes into view.
He is wielding a +2 demon trident of electrocution and wearing a +3 plate armour of cold resistance.
Donald is nearby!
Donald is nearby!
Donald shouts!
You hear a shout! x2
Donald mumbles some strange words.
Donald seems to grow stronger.
You gain the combat prowess of a mighty hero.
Donald mumbles some strange words.
Donald seems to speed up.
You can now deal lightning-fast blows.
A gnoll comes into view. It is wielding a +0 flail.
Throw: 9 boomerangs
Press: ? - help, Q - select action, (/) - cycle Shift-Dir - straight line, f - Donald
Aim: Donald, wielding a +2 demon trident of electrocution, wearing a +3 plate armour of cold resistance and wearing a +0 kite shield (fast, strong, 85% to hit)
You throw a boomerang.
Donald blocks the boomerang.
Throw: 9 boomerangs
Press: ? - help, Q - select action, (/) - cycle Shift-Dir - straight line, f/p - Donald
Aim: Donald, wielding a +2 demon trident of electrocution, wearing a +3 plate armour of cold resistance and wearing a +0 kite shield (fast, strong, 85% to hit)
You throw a boomerang. The boomerang hits Donald!
Donald is lightly wounded.
Donald says, "Okawaru always makes me think of chokos."
Throw: 9 boomerangs
Press: ? - help, Q - select action, (/) - cycle Shift-Dir - straight line, f/p - Donald
Aim: Donald, wielding a +2 demon trident of electrocution, wearing a +3 plate armour of cold resistance and wearing a +0 kite shield (lightly wounded, fast, strong, 85% to hit)
You throw a boomerang.
Donald blocks the boomerang.
Throw: 9 boomerangs
Press: ? - help, Q - select action, (/) - cycle Shift-Dir - straight line, f/p - Donald
Aim: Donald, wielding a +2 demon trident of electrocution, wearing a +3 plate armour of cold resistance and wearing a +0 kite shield (lightly wounded, fast, strong, 85% to hit)
You throw a boomerang. The boomerang hits Donald.
Donald is lightly wounded.
An orc warrior comes into view. It is wielding a +0 hand axe.
The orc warrior shouts!
Donald hits you with a +2 demon trident of electrocution!!
You are electrocuted!
Donald hits you with a +2 demon trident of electrocution!!
Donald blocks your attack.
Donald is lightly wounded.
You hit Donald.
Space warps around Donald.
Donald is moderately wounded.
Donald misses you.
You hit Donald but do no damage. Donald blocks your attack.
Donald is moderately wounded.
A gnoll comes into view. It is wielding a +0 spear.
You slash Donald!
Space warps horribly around Donald!!
Donald blocks your attack.
Donald is heavily wounded.
Donald hits you with a +2 demon trident of electrocution!!
You are electrocuted!
* * * LOW HITPOINT WARNING * * *
You slash Donald!
Donald is severely wounded.
Donald blinks!
Items here: )))))))) [[[ ÷÷÷.
Donald hits you from afar with a +2 demon trident of electrocution!!
* * * LOW HITPOINT WARNING * * *
You are electrocuted!
You die...

..< #...... ......
....#..... .......
......#.... ......#
..##..#...###...#..#
.##....#.....#.....#
##.....#............#.
..........)$).).....#©
.........[.)))(...<.#
......g..[g[)@).....#
........o...)[[...#..#
........)..)@#...## .#
.............##...#
.......[...........#
......$...(..........
................##...
..$..........##.# ##.
.......^.....# ..#


You could see Donald (fast, strong), an orc warrior and 2 gnolls.

Vanquished Creatures
  Gastronok (Lair:1)
  An orc warlord (Orc:1)
  Josephine (D:13)
  An ettin (Orc:2)
  2 boulder beetles
  3 hydras
  2 ogre magi (Orc:2)
  3 centaur warriors
  2 dancing weapons (D:14)
  2 tengu warriors
  10 two-headed ogres
  2 death yaks (Lair:4)
  Sonja (D:13)
  6 skeletal warriors
  A goliath frog (Lair:5)
  A glowing orange brain (D:15)
  2 deep trolls (Orc:2)
  A bog body (Lair:3)
  A lindwurm (Lair:5)
  6 deep elf pyromancers
  5 deep elf zephyrmancers
  11 ugly things
  4 manticores
  An orc sorcerer (Orc:2)
  8 cyclopes
  3 black mambas
  3 elephants (Lair:5)
  16 cane toads
  3 gargoyles
  An efreet (D:15)
  10 komodo dragons
  Maggie (D:8)
  2 rime drakes (Lair:3)
  2 komodo dragons (shapeshifter)
  A freezing wraith (D:14)
  11 trolls
  2 polar bears
  2 tyrant leeches (Lair:5)
  2 hornets
  34 blink frogs
  4 slime creatures
  A centaur simulacrum (D:14)
  2 shadows
  5 wraiths
  5 wyverns
  44 yaks
  6 basilisks
  5 humans
  Grum (D:9)
  13 vampire mosquitoes
  3 wargs
  11 water moccasins
  An acid dragon (D:12)
  5 black bears
  21 orc warriors
  A sky beast (D:6)
  4 ice beasts
  9 wolves
  25 ogres
  12 centaurs
  3 phantoms
  2 kobold brigands
  3 gnoll sergeants
  2 necrophages
  14 bullfrogs
  3 scorpions
  3 wights
  13 killer bees
  An electric eel (Lair:5)
  10 hounds
  8 orc priests
  4 jellies
  An iguana (D:5)
  Terence (D:3)
  9 orc wizards
  19 gnolls
  22 adders
  2 shadow imps
  A white imp (D:7)
  2 worms
  4 dart slugs
  68 orcs
  12 endoplasms
  2 giant cockroaches (D:4)
  11 goblins
  7 hobgoblins
  15 jackals
  18 kobolds
  A quokka (D:1)
  9 ball pythons
  3 bats
  2 frilled lizards
  7 rats
  A butterfly (D:6)
632 creatures vanquished.

Vanquished Creatures (others)
  A wizard (D:15)
  2 orcs
  32 fungi
  96 plants
131 creatures vanquished.

Grand Total: 763 creatures vanquished

Notes
Turn   | Place    | Note
-------+----------+-------------------------------------------
     0 | D:1      | Flugkiller the Minotaur Fighter began the quest for the
                  | Orb.
     0 | D:1      | Reached XP level 1. HP: 19/19 MP: 0/0
   146 | D:1      | Reached XP level 2. HP: 21/27 MP: 1/1
   247 | D:1      | Reached skill level 3 in Axes
   597 | D:1      | Reached XP level 3. HP: 33/33 MP: 2/2
   599 | D:1      | Reached skill level 1 in Throwing
  1412 | D:2      | Reached XP level 4. HP: 40/40 MP: 3/3
  1487 | D:2      | Reached skill level 4 in Axes
  2275 | D:3      | Reached XP level 5. HP: 44/47 MP: 4/4
  2308 | D:3      | Noticed Terence
  2320 | D:3      | Killed Terence
  2542 | D:3      | Found a faded altar of an unknown god.
  2941 | D:4      | Reached skill level 5 in Axes
  2995 | D:4      | Found a snail-covered altar of Cheibriados.
  3060 | D:4      | Noticed a black bear
  3087 | D:3      | Reached XP level 6. HP: 10/55 MP: 1/5
  3341 | D:4      | Reached skill level 5 in Fighting
  3341 | D:4      | Reached skill level 5 in Armour
  3663 | D:4      | Found a stormy altar of Qazlal.
  3804 | D:4      | Reached skill level 6 in Axes
  4019 | D:5      | Entered Level 5 of the Dungeon
  4019 | D:5      | Found Veerot's Weapon Shop.
  4026 | D:5      | Bought a +0 broad axe for 56 gold pieces
  4138 | D:5      | Reached XP level 7. HP: 58/61 MP: 4/6
  4594 | D:5      | Reached skill level 7 in Axes
  4946 | D:5      | Reached XP level 8. HP: 66/70 MP: 7/7
  5228 | D:5      | Reached skill level 8 in Axes
  5415 | D:5      | Identified a scroll of acquirement
  5415 | D:5      | Acquired the ring of Insomnia {rPois Will+ Str-4 Dex+7
                  | Slay+4}
  5473 | D:5      | Reached skill level 9 in Axes
  5699 | D:6      | Reached skill level 5 in Throwing
  5699 | D:6      | Reached XP level 9. HP: 56/79 MP: 8/8
  6396 | D:6      | Reached skill level 10 in Axes
  6428 | D:6      | Found a staircase to the Ecumenical Temple.
  6437 | Temple   | Entered the Ecumenical Temple
  6502 | Temple   | Became a worshipper of Warmaster Okawaru
  6609 | D:6      | Found a glowing golden altar of the Shining One.
  6722 | D:6      | Reached skill level 1 in Invocations
  7173 | D:6      | You fall into a shaft and drop 1 floor!
  7235 | D:6      | Reached * piety under Okawaru
  7611 | D:7      | Reached skill level 11 in Axes
  7653 | D:7      | Reached XP level 10. HP: 90/90 MP: 10/10
  8202 | D:8      | Reached ** piety under Okawaru
  8289 | D:8      | Paralysed by a hornet for 3 turns
  8389 | D:8      | Found Sakeawaulig's Antique Weapon Emporium.
  8462 | D:8      | Noticed a two-headed ogre
  8470 | D:8      | Killed a two-headed ogre
  8471 | D:8      | Reached skill level 12 in Axes
  8632 | D:8      | Noticed Maggie
  8637 | D:8      | Killed Maggie
  8722 | D:8      | Reached *** piety under Okawaru
  9122 | D:9      | Noticed Grum
  9135 | D:9      | Received a gift from Okawaru
  9136 | D:9      | Reached XP level 11. HP: 77/97 MP: 10/13
  9146 | D:9      | Killed Grum
  9241 | D:9      | Found a shimmering blue altar of Sif Muna.
  9351 | D:9      | Found Qizav's Jewellery Shop.
  9368 | D:9      | Reached **** piety under Okawaru
  9369 | D:9      | Reached skill level 13 in Axes
  9386 | D:9      | Found a staircase to the Orcish Mines.
  9834 | D:10     | Entered Level 10 of the Dungeon
  9902 | D:10     | Received a gift from Okawaru
  9903 | D:10     | Reached skill level 5 in Invocations
  9992 | D:10     | Reached skill level 10 in Armour
  9993 | D:10     | Noticed a two-headed ogre
  9998 | D:10     | Reached skill level 10 in Fighting
 10001 | D:10     | Banished a two-headed ogre
 10024 | D:10     | Found a staircase to the Lair.
 10061 | D:10     | Found a shadowy altar of Dithmenos.
 10110 | D:10     | Noticed a two-headed ogre
 10118 | D:10     | Killed a two-headed ogre
 10329 | D:10     | Reached skill level 14 in Axes
 10524 | D:10     | Found a sacrificial altar of Ru.
 10819 | D:10     | Found a burning altar of Makhleb.
 11266 | D:11     | Reached ***** piety under Okawaru
 11266 | D:11     | Received a gift from Okawaru
 11351 | D:11     | Noticed Nergalle
 11366 | D:11     | Banished Nergalle
 11367 | D:11     | Reached XP level 12. HP: 80/107 MP: 12/15
 11455 | D:11     | Noticed a five-headed hydra
 11461 | D:11     | Killed an eight-headed hydra
 11568 | D:11     | Noticed a two-headed ogre
 11573 | D:11     | Killed a two-headed ogre
 11573 | D:11     | Received a gift from Okawaru
 11636 | D:11     | Found a gate leading to a gauntlet.
 11967 | Lair:1   | Entered Level 1 of the Lair of Beasts
 11972 | Lair:1   | Received a gift from Okawaru
 12042 | Lair:1   | Received a gift from Okawaru
 12064 | Lair:1   | Noticed a boulder beetle
 12074 | Lair:1   | Banished a boulder beetle
 12078 | Lair:1   | Reached skill level 15 in Axes
 12155 | Lair:1   | Noticed a boulder beetle
 12183 | Lair:1   | Killed a boulder beetle
 12657 | Lair:1   | Noticed Gastronok
 12667 | Lair:1   | Killed Gastronok
 12667 | Lair:1   | Received a gift from Okawaru
 13003 | Lair:2   | Found a staircase to the Snake Pit.
 13119 | Lair:2   | You fall into a shaft and drop 2 floors!
 13129 | Lair:4   | Identified the +0 pair of gloves of Creativity {+Inv rC+
                  | Will+} (Okawaru gifted it to you on level 4 of the Lair of
                  | Beasts)
 13129 | Lair:4   | Received a gift from Okawaru
 13238 | Lair:4   | Identified the +5 flail "Meangah" {flame, Drain rElec rPois
                  | Int+4}
 13313 | Lair:4   | Noticed a death yak
 13314 | Lair:4   | Noticed a death yak
 13318 | Lair:4   | Noticed a death yak
 13322 | Lair:4   | Killed a death yak
 13323 | Lair:4   | Reached XP level 13. HP: 104/117 MP: 17/17
 13333 | Lair:4   | Reached skill level 16 in Axes
 13851 | Lair:4   | Found a burning altar of Makhleb.
 14083 | Lair:5   | Entered Level 5 of the Lair of Beasts
 14485 | Lair:5   | Found a viscous altar of Jiyva.
 14499 | Lair:5   | Reached skill level 10 in Throwing
 14500 | Lair:5   | Found a staircase to the Slime Pits.
 14514 | Lair:5   | Received a gift from Okawaru
 14519 | Lair:5   | Reached skill level 17 in Axes
 14938 | Lair:5   | Identified the ring of Siqafren {Str+4 Int+3 Dex+6}
 15349 | Lair:3   | Reached XP level 14. HP: 128/129 MP: 19/19
 15415 | Lair:3   | Found a staircase to the Swamp.
 15640 | Lair:3   | Identified the +5 mace "Ogrebane" {drain, rElec Int+2
                  | Dex+4}
 16070 | Lair:2   | Reached ****** piety under Okawaru
 16201 | Lair:2   | Received a gift from Okawaru
 16649 | D:12     | Identified the +1 scale mail of Lekiytzi {Fly} (Okawaru
                  | gifted it to you on level 12 of the Dungeon)
 16649 | D:12     | Received a gift from Okawaru
 16698 | D:12     | Reached skill level 18 in Axes
 17526 | D:13     | Found Miskocwo's Weapon Shop.
 17653 | D:13     | Noticed Josephine
 17656 | D:13     | Noticed Sonja
 17659 | D:13     | Killed Josephine
 17662 | D:13     | Killed Sonja
 17663 | D:13     | Reached skill level 10 in Invocations
 17823 | D:13     | Found Meoc's Book Emporium.
 17976 | D:13     | Found Yfyimir's Jewellery Boutique.
 18475 | D:14     | Found a gate to the Vaults.
 18512 | D:14     | Reached skill level 1 in Dodging
 18646 | D:14     | Found a portal to a secret trove of treasure.
 18816 | D:15     | Entered Level 15 of the Dungeon
 19084 | D:15     | Received a gift from Okawaru
 19103 | D:15     | Reached XP level 15. HP: 88/139 MP: 20/22
 19111 | D:15     | Received a gift from Okawaru
 19660 | D:15     | Reached skill level 5 in Shields
 19706 | D:15     | Found a staircase to the Depths.
 19964 | Orc:1    | Entered Level 1 of the Orcish Mines
 19964 | Orc:1    | Noticed Erolcha
 19964 | Orc:1    | Noticed an orc warlord
 19993 | Orc:1    | Banished Erolcha
 19994 | Orc:1    | Reached skill level 15 in Fighting
 19994 | Orc:1    | Reached skill level 15 in Armour
 19994 | Orc:1    | Killed an orc warlord
 20470 | Orc:2    | Entered Level 2 of the Orcish Mines
 20477 | Orc:2    | Found a transporter.
 20628 | Orc:2    | Reached skill level 5 in Dodging
 20633 | Orc:2    | Received a gift from Okawaru
 20757 | Orc:2    | Found Gaugrar's Armour Boutique.
 20758 | Orc:2    | Found Lutax's Weapon Shop.
 20773 | Orc:2    | Identified the +6 plate armour "Extifumi" {Int+7} (Okawaru
                  | gifted it to you on level 2 of the Orcish Mines)
 20773 | Orc:2    | Received a gift from Okawaru
 20871 | Orc:2    | Noticed Donald
 20887 | Orc:2    | Slain by Donald

Illustrated notes

Levels and vault maps discovered:
D:1:      minmay_arrival_diagonal_passages, layout_loops_ring
D:2:      layout_loops_corners, minmay_fractal_squares_gapless_5
D:3:      layout_basic, shapermc_ecumenical_altar_mp_vishouse, uniq_terence
D:4:      layout_basic, nicolae_qazlal_general_emergency, chei_slow_surprise,
          enter_ossuary_2, minmay_snake_closets
D:5:      minmay_inner_zag, layout_basic, serial_shops, nicolae_shop_crystal
D:6:      minmay_opposing_rooms, layout_basic, tso_oasis_becter,
          minmay_temple_entry_butterflies, minmay_ruffians
D:7:      layout_loops_cross
D:8:      layout_loops_ring, serial_shops, nicolae_stop_n_shop_2, uniq_maggie
D:9:      layout_irregular_city, nicolae_sif_muna_condensation, orc_0_dummy,
          serial_shops, nicolae_shop_trees, uniq_grum
D:10:     layout_layer_cave, lemuel_doored_altar, nicolae_ru_path_of_blood,
          amcnicky_altar_gilded, minmay_lair_entry_grove
D:11:     layout_rooms, gauntlet_entry_generic, hangedman_abyss_or_decor_clamps,
          uniq_nergalle
D:12:     layout_basic
D:13:     layout_roguey, serial_shops, nicolae_shop_advertising_works
          [nicolae_subvault_shop_adworks], nicolae_shop_bloodbath_and_beyond,
          nicolae_shop_crystal, uniq_josephine, uniq_sonja
D:14:     layout_irregular_city, erik_vaults_1, enter_trove_3,
          hangedman_decor_clover_reticule
D:15:     gammafunk_enter_depths_forms, layout_loops_ring, minivault_14,
          special_room [special_room_orc], minmay_stone_trees_medium
Temple:   eino_wide_crystal_templ
Lair:1:   layout_roguey, uniq_gastronok
Lair:2:   layout_chaotic_city, dummy_snake_entry, chequers_serial_rivers_small_a
Lair:3:   layout_chaotic_city, skrybe_swamp_entry_bodies
Lair:4:   layout_regular_city, lemuel_centaur_altar, grunt_megastairs_2,
          serial_bayou_shore_b, lemuel_fruit_fields
Lair:5:   minmay_lair_end_frog_pond, layout_small_grid,
          minmay_slime_entry_pillars, minivault_23
Orc:1:    layout_diamond_mine, uniq_erolcha
Orc:2:    st_orc_open, layout_caves, gammafunk_ghost_berserking_beasts,
          serial_shops, shop_statue, nicolae_lakefront_shop,
          elves_outpost_lemuel, uniq_donald

Skill      XL: |  1  2  3  4  5  6  7  8  9 10 11 12 13 14 15 |
---------------+----------------------------------------------+-----
Axes           | 3 4 5 6 7 9 11 12 14 15 17 18 | 18.0
Armour         | 4 5 6 7 8 9 10 11 13 14 15 | 15.7
Throwing       | 1 2 3 5 6 7 8 9 10 | 10.0
Fighting       | 4 5 6 7 8 9 10 11 13 14 15 | 15.7
Invocations    | 2 4 6 7 8 10 11 | 11.0
Dodging        | 2 5 |  5.8
Shields        | 4 7 |  7.6

Action                   |  1- 3 |  4- 6 |  7- 9 | 10-12 | 13-15 || total
-------------------------+-------+-------+-------+-------+-------++-------
Melee: War axe           |    88 |   156 |       |       |       ||   244
       Headbutt          |    15 |    18 |    32 |    86 |   131 ||   282
       Broad axe         |       |    11 |   210 |   368 |   638 ||  1227
Throw: Javelin           |       |       |       |     3 |     5 ||     8
       Boomerang         |       |       |       |       |     9 ||     9
       Throwing net      |       |       |       |       |     3 ||     3
Invok: Heroism           |       |       |       |    11 |    14 ||    25
       Finesse           |       |       |       |       |     5 ||     5
Evoke: Wand              |       |       |       |     2 |       ||     2
  Use: Scroll            |       |     6 |     7 |    13 |     3 ||    29
 Stab: Invisible         |       |       |       |     1 |       ||     1
Armor: Scale mail        |    37 |       |       |       |       ||    37
       Plate armour      |    19 |   139 |   118 |   183 |   360 ||   819
Dodge: Dodged            |    42 |    54 |    65 |   108 |   186 ||   455
Block: Buckler           |    23 |    49 |    60 |    97 |   139 ||   368
